 Dungeon Crawl Stone Soup version 0.21-a0-229-g3587535 (webtiles) character file.

564583 tidbits the Wrestler (level 24, -1/319 HPs)
             Began as a Pale Draconian Wanderer on Aug 30, 2017.
             Was a High Priest of Wu Jian.
             Killed by divine providence
             ... invoked by a mummy priest
              (13 damage)
             ... on level 3 of the Tomb of the Ancients on Sept 1, 2017.
             The game lasted 07:39:40 (25710 turns).

tidbits the Wrestler (Pale Draconian Wanderer)     Turns: 25710, Time: 07:39:41

Health: -1/319     AC: 25    Str: 16      XL:     24   Next: 22%
Magic:  37/52      EV: 24    Int: 14 (17) God:    Wu Jian [*****.]
Gold:   1755       SH:  7    Dex: 15      Spells: 3/55 levels left

rFire    + + +     SeeInvis .     - Unarmed
rCold    + . .     Gourm    .   D - +2 buckler
rNeg     + + .     Faith    .   (armour unavailable)
rPois    ∞         Spirit   .   (helmet restricted)
rElec    +         Reflect  .   W - scarf {rC+ rF+}
rCorr    .         Harm     .   (gloves currently unavailable)
MR       +....                  (boots currently unavailable)
Stlth    ++........             R - amulet of regeneration
HPRegen  1.03/turn              V - +4 ring of evasion
MPRegen  0.33/turn              P - ring of Wefapt {rF++ rN+ MP+9}

@: statue-form, slowed, serpent's lash, very slow
A: (breathe steam), unfitting armour, claws 1, robust 1, weak 1, no potion heal
1, cold-blooded, MP-powered wands, AC +12
}: 5/15 runes: decaying, serpentine, slimy, silver, abyssal
a: End Transformation, Serpent's Lash, Heavenly Storm, Renounce Religion


You were on level 3 of the Tomb of the Ancients.
You worshipped Wu Jian.
Wu Jian was extremely pleased with you.
You were very hungry.
You were a stone statue.
You visited 11 branches of the dungeon, and saw 51 of its levels.
You visited the Abyss 4 times.
You visited 1 bazaar.
You also visited: Ice Cave and Volcano.

You collected 5661 gold pieces.
You spent 3906 gold pieces at shops.

Inventory:

Missiles
 g - a throwing net (quivered) {!f}
 B - 699 arrows
Armour
 C - the scarf of Koideton {*Contam rCorr Str+3 Stlth+}
   (You found it on level 6 of the Lair of Beasts)

   It affects your strength (+3).
   It causes magical contamination when unequipped.
   It protects you from acid and corrosion.
   It makes you more stealthy.
 D - a +2 buckler (worn)
 F - a +2 pair of boots (melded)
 G - a +2 pair of gloves (melded)
 W - a scarf of resistance (worn)
   (You found it on level 5 of the Vaults)
Magical Staves
 e - an uncursed staff of energy {!a}
   (You found it on level 5 of the Vaults)
 w - an uncursed staff of wizardry {!a}
   (You found it on level 8 of the Dungeon)
Jewellery
 o - the ring "Haavioli" {-Tele rN+ Str+9 Stlth+}
   (You found it on level 3 of the Elven Halls)

   [ring of positive energy]

   It affects your strength (+9).
   It protects you from negative energy.
   It prevents most forms of teleportation.
   It makes you more stealthy.
 t - an uncursed ring of protection from cold
   (You found it on level 5 of the Pits of Slime)
 H - the ring "Viymianurr" {rElec rPois MR+ Int+4}
   (You found it on level 3 of the Tomb of the Ancients)

   [ring of protection from magic]

   It affects your intelligence (+4).
   It insulates you from electricity.
   It protects you from poison.
   It affects your resistance to hostile enchantments.
 P - the ring of Wefapt (right claw) {rF++ rN+ MP+9}
   (You found it on level 5 of the Pits of Slime)

   [ring of magical power]

   It greatly protects you from fire.
   It protects you from negative energy.
   It affects your magic capacity (+9).
 R - an amulet of regeneration (around neck)
   (You bought it in a shop on level 2 of the Orcish Mines)
 V - a +4 ring of evasion (left claw)
   (You found it on level 6 of the Lair of Beasts)
Wands
 d - a wand of digging (7/24)
 u - a wand of iceblast (11/15)
 K - a wand of clouds (5/9)
 T - a wand of acid (4/15)
 X - a wand of enslavement (14/24)
Scrolls
 b - 2 scrolls of silence
 i - a scroll of summoning
 j - 5 scrolls of teleportation
 k - 5 scrolls of fear
 n - 2 scrolls of magic mapping
 r - 11 scrolls of remove curse
 x - 3 scrolls of recharging
 A - 5 scrolls of fog
 N - 3 scrolls of identify
 Z - 3 scrolls of holy word
Potions
 c - 3 potions of magic
 f - 7 potions of agility
 l - 4 potions of resistance
 q - 14 potions of curing
 s - 2 potions of heal wounds
 v - a potion of ambrosia
 z - 6 potions of flight
 I - 2 potions of lignification
 J - 7 potions of brilliance
 L - 2 potions of mutation {!q}
 M - 5 potions of haste
 O - 6 potions of might
 U - 5 potions of cancellation
 Y - 4 potions of berserk rage
Miscellaneous
 a - a figurine of a ziggurat
 h - 3 sacks of spiders
 m - a lamp of fire
 p - a phial of floods
 y - a box of beasts
 Q - 2 phantom mirrors
Comestibles
 E - 8 bread rations


   Skills:
 + Level 20.0 Fighting
 + Level 11.3 Dodging
 - Level 3.6 Stealth
 - Level 4.4 Shields
 - Level 22.5 Unarmed Combat
 - Level 16.0 Spellcasting
 - Level 3.0 Conjurations
 - Level 5.8 Charms
 - Level 2.0 Summonings
 - Level 11.0 Necromancy
 - Level 4.3 Translocations
 - Level 15.5 Transmutations
 - Level 9.0 Air Magic
 - Level 11.1 Earth Magic
 - Level 3.2 Evocations


You had 3 spell levels left.
You knew the following spells:

 Your Spells              Type           Power        Failure   Level  Hunger
a - Apportation           Tloc           ###...       1%          1    None
b - Blink                 Tloc           N/A          1%          2    None
c - Control Undead        Necr           #####.....   1%          4    ##.....
d - Dragon Form           Tmut           ######....   8%          7    #######
e - Death Channel         Necr           #####.....   10%         6    ######.
i - Airstrike             Air            #####.....   1%          4    ##.....
l - Lee's Rapid Deconstr  Erth           #####.....   1%          5    ####...
o - Ozocubu's Armour      Chrm/Ice       ###.....     4%          3    None
r - Regeneration          Chrm/Necr      ####......   1%          3    None
s - Statue Form           Tmut/Erth      #####....    3%          6    ######.
w - Passwall              Tmut/Erth      #####.....   1%          2    None
L - Summon Lightning Spi  Summ/Air       ####....     6%          4    ##.....
R - Irradiate             Conj/Tmut      #####.....   3%          5    ####...


Dungeon Overview and Level Annotations

Branches:
Dungeon (15/15)            Temple (1/1) D:5            Lair (6/6) D:11
  Swamp (4/4) Lair:3        Snake (4/4) Lair:3        Slime (5/5) Lair:5
    Orc (2/2) D:9             Elf (3/3) Orc:2        Vaults (5/5) D:13
  Crypt (3/3) Vaults:2       Tomb (3/3) Crypt:3
 Depths: D:15

Altars:
Ashenzari
Cheibriados
Dithmenos
Elyvilon
Fedhas
Gozag
Hepliaklqana
Kikubaaqudgha
Makhleb
Nemelex Xobeh
Okawaru
Qazlal
Ru
Sif Muna
Trog
Uskayaw
Vehumet
Wu Jian
Xom
Yredelemnul
Zin
The Shining One
Jiyva

Shops:
D:4 :   D:5 **   D:6 [   D:8 *   D:9 (   Orc:1 (   Orc:2 [=%(}   Snake:2 *!
Vaults:2 %(   Vaults:4 *   Vaults:5 (

Portals:
Hell: Lair:6

Annotations:
Tomb:3 Khufu


Innate Abilities, Weirdness & Mutations

((You can breathe blasts of scalding, opaque steam.))
((Your pale cyan-grey scales are hard. (AC +12)))
You cannot fit into any form of body armour.
You are cold-blooded and may be slowed by cold attacks.
You have sharp fingernails.
You are robust. (+10% HP)
You are weak. (Str -2)
Potions are less effective at restoring your health.
You expend magic power (3 MP) to strengthen your wands.


Message History

You scratch the guardian mummy.
The guardian mummy is lightly damaged.
The death scarab barely misses you. The mummy priest closely misses you.
The guardian mummy completely misses you.
The mummy hits you but does no damage. The death scarab misses you.
The greater mummy hits you!
* * * LOW HITPOINT WARNING * * *
Khufu queries, "My people built me a pyramid - what did your people build for you?"
Khufu closely misses you.
Unknown command.
Your system partially rejects the healing.
You feel much better.
The greater mummy is no longer moving slowly.
You block the death scarab's attack.
The death scarab bites you but does no damage.
The greater mummy mumbles some strange words.
The guardian mummy misses you. You block the mummy priest's attack.
The emperor scorpion barely misses you.
The emperor scorpion closely misses you.
The emperor scorpion barely misses you. The mummy misses you.
The greater mummy gestures at you while chanting.
Something smites you!
* * * LOW HITPOINT WARNING * * *
Khufu hits you!
* * * LOW HITPOINT WARNING * * *
The guardian mummy hits you!
* * * LOW HITPOINT WARNING * * *
The mummy priest utters an invocation to its god.
You block the emperor scorpion's attack.
The emperor scorpion misses you.
The emperor scorpion claws you but does no damage.
The mummy barely misses you. The mummy closely misses you.
The greater mummy casts a spell.
Unknown command.
You have no room to wall jump.
Unknown command.
You eviscerate the greater mummy!!!
The greater mummy is heavily damaged.
The heavenly storm settles.
The greater mummy calls on the powers of darkness!
Your body is wracked with pain!
* * * LOW HITPOINT WARNING * * *
The emperor scorpion convulses!
The guardian mummy misses you. The mummy priest completely misses you.
Khufu barely misses you.
The emperor scorpion stings you but does no damage.
The emperor scorpion completely misses you. x2
The greater mummy completely misses you.
Unknown command.
You eviscerate the guardian mummy!!!
You destroy the guardian mummy!
The Council accepts your kill.
You feel extremely nervous for a moment...
You feel very uncomfortable.
Khufu is no longer moving slowly.
The death scarab completely misses you.
You block the emperor scorpion's attack.
The emperor scorpion closely misses you.
The emperor scorpion completely misses you.
The mummy completely misses you.
The soul eater draws from the surrounding life force!
* * * LOW HITPOINT WARNING * * *
Khufu misses you.
The mummy priest calls down the wrath of its god upon you.
Something smites you!
* * * LOW HITPOINT WARNING * * *
The mummy completely misses you. The greater mummy barely misses you.
Unknown command.
You claw Khufu!
Your tail-slap misses Khufu.
Khufu is heavily damaged.
The soul eater is no longer moving slowly.
The death scarab misses you.
The death scarab bites you but does no damage.
The emperor scorpion stings you but does no damage.
The emperor scorpion claws you but does no damage.
The emperor scorpion claws you.
* * * LOW HITPOINT WARNING * * *
Khufu casts a spell.
The greater mummy completely misses you.
The mummy priest completely misses you. The mummy barely misses you.
The mummy misses you.
Unknown command.
Okay, then.
Your system partially rejects the healing.
You feel much better. The emperor scorpion misses you.
The emperor scorpion claws you but does no damage.
You block the emperor scorpion's attack.
The greater mummy casts a spell.
Khufu hits you but does no damage.
The greater mummy hits you but does no damage.
The soul eater hits you!
* * * LOW HITPOINT WARNING * * *
The mummy priest hits you.
* * * LOW HITPOINT WARNING * * *
The emperor scorpion stings you.
* * * LOW HITPOINT WARNING * * *
The emperor scorpion completely misses you. x2
You block Khufu's attack. The greater mummy misses you.
The mummy completely misses you. The soul eater misses you.
The mummy priest calls down the wrath of its god upon you.
Something smites you!
You die...

############.).####.
.......†.../.††...##
..........[........#
###############.†...
##..†. M#############M
#..†. ..M..ss§§......
##....
#######M3s#########.....
M....Ms8MM.............#
...sz§MMss............##
#######################.
.. .......... ....
.......... ...
.......... ##'###
...####'## ###....##
##....# ##....^^.##
##......


You could see Khufu, 2 greater mummies, 5 emperor scorpions, a mummy priest, a
soul eater, a death scarab and 2 mummies.

Vanquished Creatures
  the Royal Jelly (Slime:5)
  3 ancient liches
  Mara (Crypt:2)
  12 greater mummies
  the Lernaean hydra (Swamp:4)
  Saint Roka (Snake:2)
  A caustic shrike (shapeshifter) (Vaults:5)
  The ghost of Leszczynek the Brawler, an adept TrSk of the Shining One (Crypt:3)
  2 golden dragons (Vaults:5)
  Jory (Crypt:2)
  2 bone dragons
  Jorgrun (Swamp:4)
  An Ice Fiend (IceCv)
  2 tentacled monstrosities (Vaults:5)
  A quicksilver dragon (Vaults:5)
  3 deep elf master archers (Elf:3)
  2 titans (Vaults:5)
  3 liches
  2 tentacled starspawn
  2 ancient champions
  13 acid blobs
  7 sphinxes
  2 thorn hunters
  A storm dragon (Vaults:5)
  2 revenants
  A shadow dragon (Vaults:5)
  Kirke (Swamp:3)
  5 tengu reavers
  The ghost of Leszczynek the Brawler, a journeyman TrSk of Trog (Swamp:4)
  10 azure jellies
  5 nagarajas (Snake:4)
  The ghost of Gorglomux the Spry, an adept SpAE of Dithmenos (Snake:4)
  2 frost giants
  Aizul (Snake:2)
  An iron dragon (Vaults:5)
  8 deep elf sorcerers
  15 vault wardens
  10 deep elf elementalists
  4 stone giants
  13 ironheart preservers
  2 vampire knights (Crypt:3)
  6 war gargoyles
  5 bennus
  8 deep elf demonologists (Elf:3)
  A dire elephant (Abyss:4)
  Azrael (Orc:2)
  Nessos (D:14)
  A starcursed mass (Abyss:3)
  2 eidola
  13 deep elf annihilators
  A minotaur (shapeshifter) (Vaults:5)
  4 ettins (Vaults:5)
  2 crystal guardians (Crypt:3)
  7 deep elf death magi
  4 deep elf high priests
  A quicksilver dragon zombie (Crypt:3)
  6 death oozes
  A fire dragon (Vaults:3)
  2 ice dragons (Vaults:2)
  13 mummy priests
  5 great orbs of eyes
  5 yaktaur captains
  4 rakshasas
  Fannar (Lair:2)
  A quicksilver dragon skeleton (Tomb:3)
  A ghost crab (Swamp:1)
  A catoblepas (Lair:5)
  22 hydras
  28 vault guards
  24 naga warriors
  Erica (D:8)
  4 anacondas
  A catoblepas (shapeshifter) (Vaults:5)
  A satyr (Abyss:4)
  A two-headed ogre (shapeshifter) (Vaults:5)
  4 ogre magi
  5 alligators
  A tengu warrior (D:15)
  21 death scarabs
  A deep troll shaman (Vaults:3)
  15 death yaks
  11 two-headed ogres
  A vampire mage (Crypt:2)
  7 thrashing horrors
  4 orc high priests
  2 death knights
  A deep troll earth mage (Vaults:4)
  13 dancing weapons
  13 naga sharpshooters
  Urug (Lair:3)
  2 small abominations
  Sonja (D:10)
  A soul eater (Crypt:2)
  2 titan zombies (Crypt:3)
  4 shock serpents
  A shadow wraith (Vaults:3)
  Nergalle (Orc:1)
  A salamander mystic (Snake:2)
  12 deep elf knights
  2 sun demons
  The ghost of p0werm0de the Grappler, a novice VSAK of Lugonu (D:10)
  A wretched star (Abyss:3)
  A golden dragon zombie (Crypt:3)
  A sixfirhy (Abyss:4)
  A spatial maelstrom (Abyss:3)
  A storm dragon skeleton (Crypt:3)
  11 deep trolls
  24 skeletal warriors
  7 swamp dragons
  3 sea snakes (Snake:1)
  7 hell knights
  A flayed ghost (Vaults:2)
  A glowing orange brain (Vaults:2)
  A spriggan druid (Swamp:4)
  15 deep elf archers
  3 phantasmal warriors
  3 shambling mangroves
  2 naga ritualists
  6 mana vipers
  2 wizards
  A harpy (Vaults:2)
  11 ironbrand convokers
  Pikel (D:6)
  A sphinx zombie (Vaults:5)
  8 necromancers
  41 deep elf magi
  2 stone giant zombies
  2 wolf spiders (Vaults:2)
  7 orc sorcerers
  4 worldbinders (Abyss:4)
  5 oklob plants
  17 orc knights
  14 ugly things
  A manticore (shapeshifter) (Vaults:5)
  2 manticores
  2 cyclopes
  2 fire giant zombies (Tomb:3)
  4 shining eyes
  8 salamanders
  A frost giant skeleton (Vaults:2)
  Maurice (Orc:2)
  6 guardian serpents
  2 ice statues (IceCv)
  18 elephants
  2 molten gargoyles (Volcano)
  2 smoke demons
  29 black mambas
  17 naga magi
  2 water nymphs (Abyss:4)
  4 orange demons (Lair:6)
  8 vault sentinels
  3 eyes of devastation
  12 spiny frogs
  A storm dragon simulacrum (Abyss:4)
  8 rime drakes
  11 komodo dragons
  7 freezing wraiths
  A komodo dragon (shapeshifter) (D:14)
  An ancient zyme (Abyss:2)
  A hellwing (Abyss:4)
  21 yaktaurs
  2 anaconda simulacra (IceCv)
  A red draconian skeleton (Crypt:2)
  11 ice devils
  A death yak skeleton (Crypt:2)
  27 guardian mummies
  2 yaktaur skeletons (Vaults:2)
  A tengu conjurer (D:14)
  A meliai (D:14)
  4 trolls
  7 tyrant leeches
  75 slime creatures
  18 hippogriffs
  An ice dragon zombie (Tomb:1)
  7 hornets
  5 bog bodies
  A fire dragon zombie (Tomb:1)
  14 dream sheep
  A frost giant simulacrum (Vaults:5)
  9 blink frogs
  4 large abominations
  32 flying skulls
  An ice dragon skeleton (Crypt:3)
  Sigmund (D:3)
  An air elemental (Elf:2)
  5 water elementals
  A spriggan (shapeshifter) (Vaults:2)
  4 spriggans
  2 shadows
  A tarantella (shapeshifter) (Vaults:4)
  An ettin skeleton (Vaults:5)
  2 fire bats (Volcano)
  A fire dragon skeleton (Crypt:3)
  5 wraiths
  14 ushabtiu
  51 yaks
  A basilisk (shapeshifter) (Vaults:5)
  7 fire elementals
  2 hogs (Swamp:3)
  12 wyverns
  3 golden eyes (Slime:5)
  6 basilisks
  2 hungry ghosts
  Grum (D:8)
  A steam dragon (Lair:3)
  A warg (shapeshifter) (Vaults:5)
  An iron troll simulacrum (IceCv)
  9 vampire mosquitoes
  7 swamp worms
  An insubstantial wisp (Swamp:1)
  7 wargs
  2 harpy simulacra (IceCv)
  90 nagas
  2 hydra simulacra (IceCv)
  A deep troll skeleton (Vaults:2)
  10 hell hounds
  10 water moccasins
  A porcupine (shapeshifter) (Elf:1)
  5 porcupines
  8 swamp drakes
  4 slaves (D:6)
  2 black bears
  4 eyes of draining
  3 ettin simulacra (IceCv)
  45 orc warriors
  A sky beast (D:8)
  An ice beast (D:13)
  A phantom (D:9)
  18 ogres
  5 necrophages
  6 wolves
  4 boggarts (Vaults:2)
  10 human skeletons
  17 crocodiles
  Blork the orc (D:5)
  2 big kobolds
  An elf zombie (Crypt:3)
  15 bullfrogs
  An earth elemental (Elf:3)
  A human simulacrum (Vaults:3)
  A glowing shapeshifter simulacrum (Vaults:5)
  A wyvern skeleton (D:11)
  3 scorpions (D:11)
  3 killer bees (D:10)
  8 wights
  9 howler monkeys
  5 crimson imps
  9 electric eels
  8 lava snakes (Volcano)
  2 centaur zombies
  A human zombie (Crypt:1)
  6 quasits
  3 bullfrog zombies
  20 orc priests
  2 bullfrog skeletons
  2 hounds
  4 jellies
  A centaur skeleton (D:6)
  19 orc wizards
  An iron imp (Abyss:3)
  Jessica (D:3)
  An iguana (D:9)
  8 worker ants
  A hound zombie (D:10)
  24 mummies
  10 gnolls
  6 adders
  A shadow imp (D:8)
  2 oozes
  2 adder skeletons
  An adder zombie (D:6)
  5 worms
  3 dart slugs
  4 leopard geckos
  70 orcs
  7 giant cockroaches
  13 goblins
  5 hobgoblins
  12 jackals
  2 quokkas
  7 bats
  3 frilled lizards
  A gnoll skeleton (Crypt:2)
  A jackal skeleton (D:5)
  10 kobolds
  An orc zombie (Crypt:3)
  A quokka skeleton (D:9)
  2 quokka zombies (D:6)
  3 rats
  4 briar patches
  A bush (Lair:5)
  A crawling corpse (Vaults:5)
  A fungus (Lair:6)
  7 plants (Lair:2)
  A starspawn tentacle (Abyss:2)
1813 creatures vanquished.

Vanquished Creatures (collateral kills)
  A thorn hunter (Swamp:4)
  A nagaraja (Snake:4)
  An ironheart preserver (Vaults:5)
  A bennu (Tomb:2)
  2 mummy priests (Tomb:3)
  4 hydras
  5 death scarabs (Tomb:3)
  A death yak (Lair:5)
  2 slime creatures
  A skeletal warrior (Tomb:3)
  A wizard (Lair:6)
  A swamp dragon (Swamp:4)
  2 shining eyes
  An elephant (Lair:6)
  2 black mambas
  A rime drake (Lair:6)
  2 guardian mummies (Tomb:3)
  2 komodo dragons (Lair:6)
  2 hornets (Swamp:4)
  A polar bear (Lair:5)
  2 dream sheep (Lair:6)
  2 hippogriffs
  2 ushabtiu (Tomb:3)
  2 spriggans (Swamp:4)
  2 yaks (Lair:5)
  5 vampire mosquitoes
  3 swamp worms
  A naga (Snake:2)
  A water moccasin (Lair:5)
  A hell hound (Lair:6)
  2 swamp drakes (Swamp:4)
  A sky beast (D:7)
  A crocodile (Lair:6)
  A centaur skeleton (D:11)
  An adder (D:5)
  A shadow imp (D:14)
  A bat (D:1)
  A bush (Lair:5)
  A crawling corpse (Vaults:5)
65 creatures vanquished.

Vanquished Creatures (others)
  7 death scarabs
  A skeletal warrior (Tomb:2)
  A rime drake (Lair:5)
  A flying skull (Tomb:3)
  3 humans (Swamp:3)
  A swamp dragon skeleton (Tomb:2)
  2 mummies (Tomb:2)
  3 briar patches (Swamp:4)
  26 fungi
  18 plants
  3 starspawn tentacles
66 creatures vanquished.

Grand Total: 1944 creatures vanquished

Notes
Turn   | Place    | Note
-------+----------+-------------------------------------------
     0 | D:1      | tidbits the Draconian Wanderer began the quest for the Orb.
     0 | D:1      | tidbits set off with: a book of Air, the Tome of the Lumpy Emperors, the Grimoire of the Sneaky Cities, a +0 club, a bread ration
     0 | D:1      | Reached XP level 1. HP: 14/14 MP: 5/5
     0 | D:1      | Identified the Tome of the Lumpy Emperors
     0 | D:1      | Identified the Grimoire of the Sneaky Cities
     2 | D:1      | Learned a level 1 spell: Summon Butterflies
     4 | D:1      | Learned a level 1 spell: Shock
   126 | D:1      | Reached XP level 2. HP: 20/20 MP: 1/7
   214 | D:1      | Reached skill level 2 in Conjurations
   317 | D:1      | Reached skill level 2 in Air Magic
   321 | D:1      | Learned a level 2 spell: Swiftness
   401 | D:2      | Reached XP level 3. HP: 26/26 MP: 0/8
   560 | D:3      | Learned a level 3 spell: Static Discharge
   636 | D:2      | Reached XP level 4. HP: 33/33 MP: 6/10
   695 | D:2      | Reached skill level 3 in Conjurations
   695 | D:2      | Reached skill level 3 in Air Magic
   812 | D:1      | HP: 3/33 [dart slug (2)]
   818 | D:1      | Learned a level 3 spell: Call Canine Familiar
   960 | D:2      | Reached skill level 1 in Fighting
  1217 | D:3      | Reached skill level 2 in Fighting
  1217 | D:3      | Reached XP level 5. HP: 35/42 MP: 4/11
  1306 | D:4      | Noticed an ogre
  1319 | D:4      | Killed an ogre
  1319 | D:4      | Reached skill level 4 in Fighting
  1443 | D:3      | Noticed Jessica
  1451 | D:3      | Killed Jessica
  1451 | D:3      | Reached skill level 1 in Dodging
  1618 | D:3      | Reached XP level 6. HP: 52/52 MP: 8/12
  1827 | D:3      | Noticed Sigmund
  1864 | D:4      | Found a blossoming altar of Fedhas.
  1924 | D:3      | Killed Sigmund
  1924 | D:3      | Reached skill level 3 in Dodging
  2037 | D:4      | Found Ifigint's Book Boutique.
  2069 | D:5      | Entered Level 5 of the Dungeon
  2095 | D:5      | Your scales start taking on a pale cyan-grey colour.
  2095 | D:5      | Reached XP level 7. HP: 46/60 MP: 9/13
  2168 | D:5      | Reached skill level 5 in Fighting
  2369 | D:7      | HP: 4/62 [orc warrior/long sword (11)]
  2401 | D:5      | Reached skill level 6 in Fighting
  2456 | D:4      | Found an iron altar of Okawaru.
  2606 | D:4      | Reached skill level 2 in Evocations
  2718 | D:4      | Reached skill level 3 in Evocations
  2847 | D:5      | Found a staircase to the Ecumenical Temple.
  2849 | D:5      | Found Biydeic's Assorted Antiques.
  2856 | Temple   | Entered the Ecumenical Temple
  2968 | Temple   | Became a worshipper of the Wu Jian Council
  3017 | D:5      | Bought a blue potion for 19 gold pieces
  3017 | D:5      | Bought a copper ring for 110 gold pieces
  3017 | D:5      | Bought a scroll labeled VIUWKODGHELEE for 22 gold pieces
  3017 | D:5      | Bought a metallic purple potion for 19 gold pieces
  3253 | D:6      | Reached XP level 8. HP: 64/71 MP: 5/14
  3269 | D:6      | Found Kocucz Gooh's Armour Emporium.
  3282 | D:6      | Bought a +0 pair of gloves for 67 gold pieces
  3387 | D:6      | Noticed Pikel
  3431 | D:6      | Killed Pikel
  3431 | D:6      | Reached skill level 7 in Fighting
  3431 | D:6      | Reached skill level 5 in Dodging
  3490 | D:6      | Reached skill level 8 in Fighting
  3605 | D:8      | Noticed Erica
  3626 | D:8      | Killed Erica
  3626 | D:8      | Reached skill level 9 in Fighting
  3626 | D:8      | Reached skill level 6 in Dodging
  3626 | D:8      | Reached XP level 9. HP: 69/83 MP: 15/15
  3670 | D:8      | Noticed Grum
  3737 | D:8      | Killed Grum
  3795 | D:8      | Reached skill level 7 in Dodging
  3806 | D:8      | Reached * piety under Wu Jian
  4076 | D:7      | Reached skill level 10 in Fighting
  4216 | D:8      | Found Woynorimp's Elemental Accessories.
  4226 | D:8      | Reached skill level 8 in Dodging
  4403 | D:8      | Learned a level 4 spell: Airstrike
  4504 | D:9      | Reached skill level 4 in Air Magic
  4556 | D:10     | Entered Level 10 of the Dungeon
  4615 | D:9      | Reached ** piety under Wu Jian
  4626 | D:9      | Reached skill level 5 in Air Magic
  4640 | D:9      | Found a staircase to the Orcish Mines.
  4650 | D:9      | Reached XP level 10. HP: 93/93 MP: 3/16
  4669 | D:9      | Found Wubribal's Weapon Boutique.
  4954 | D:10     | Noticed Sonja
  4956 | D:10     | Killed Sonja
  4956 | D:10     | Reached skill level 6 in Air Magic
  4961 | D:10     | Reached skill level 7 in Air Magic
  5082 | D:10     | Noticed a two-headed ogre
  5094 | D:10     | Killed a two-headed ogre
  5094 | D:10     | Reached skill level 8 in Air Magic
  5341 | D:10     | Reached skill level 9 in Air Magic
  5349 | D:10     | Noticed p0werm0de's ghost (novice VSAK)
  5677 | D:11     | Reached skill level 11 in Fighting
  5700 | D:11     | Noticed a seven-headed hydra
  5725 | D:11     | Killed a seven-headed hydra
  5804 | D:11     | Reached *** piety under Wu Jian
  5888 | D:11     | Reached XP level 11. HP: 57/104 MP: 9/17
  5894 | D:11     | Reached skill level 12 in Fighting
  5942 | D:11     | Found a staircase to the Lair.
  6034 | D:11     | Noticed a two-headed ogre
  6047 | D:11     | Killed a two-headed ogre
  6222 | D:12     | Noticed a deep elf mage
  6228 | D:12     | Killed a deep elf mage
  6228 | D:12     | Reached skill level 2 in Unarmed Combat
  6273 | D:12     | Reached skill level 3 in Unarmed Combat
  6298 | D:12     | Noticed a two-headed ogre
  6308 | D:12     | Killed a two-headed ogre
  6308 | D:12     | Reached skill level 4 in Unarmed Combat
  6459 | D:12     | Reached skill level 5 in Unarmed Combat
  6479 | D:12     | Reached skill level 6 in Unarmed Combat
  6676 | D:12     | Reached **** piety under Wu Jian
  6682 | D:12     | Noticed a cyan ugly thing
  6698 | D:12     | Killed a cyan ugly thing
  6698 | D:12     | Reached skill level 7 in Unarmed Combat
  6701 | D:12     | Gained mutation: Your mind is acute. (Int +2) [mutagenic meat]
  6787 | Lair:1   | Entered Level 1 of the Lair of Beasts
  7016 | Lair:1   | Reached skill level 8 in Unarmed Combat
  7413 | Lair:2   | Noticed a death yak
  7414 | Lair:2   | Noticed a death yak
  7415 | Lair:2   | Noticed a death yak
  7440 | Lair:2   | Killed a death yak
  7440 | Lair:2   | Reached skill level 9 in Unarmed Combat
  7440 | Lair:2   | Reached XP level 12. HP: 112/113 MP: 15/18
  7441 | Lair:2   | Noticed a death yak
  7447 | Lair:2   | Killed a death yak
  7454 | Lair:2   | Killed a death yak
  7462 | Lair:2   | Killed a death yak
  7462 | Lair:2   | Reached skill level 10 in Unarmed Combat
  7588 | Lair:3   | Found a staircase to the Snake Pit.
  7703 | Lair:2   | Noticed Fannar
  7719 | Lair:2   | Killed Fannar
  7719 | Lair:2   | Reached skill level 11 in Unarmed Combat
  7835 | Lair:2   | Reached ***** piety under Wu Jian
  7851 | Lair:2   | Reached skill level 12 in Unarmed Combat
  8049 | Lair:3   | Found a staircase to the Swamp.
  8213 | Lair:3   | Lost mutation: Your mind is acute. (Int +2) [potion of mutation]
  8213 | Lair:3   | Gained mutation: You expend magic power (3 MP) to strengthen your wands. [potion of mutation]
  8213 | Lair:3   | Gained mutation: You are agile. (Dex +2) [potion of mutation]
  8274 | Lair:3   | Reached skill level 13 in Unarmed Combat
  8276 | Lair:3   | Noticed Urug
  8296 | Lair:3   | Killed Urug
  8567 | Lair:4   | Reached XP level 13. HP: 82/119 MP: 19/19
  8921 | Lair:5   | Found a staircase to the Slime Pits.
  9064 | Lair:5   | Reached skill level 2 in Stealth
  9074 | Lair:5   | Reached skill level 9 in Dodging
  9272 | Lair:5   | Reached skill level 3 in Stealth
  9301 | Lair:5   | Reached skill level 14 in Unarmed Combat
  9574 | Orc:1    | Entered Level 1 of the Orcish Mines
  9599 | Orc:1    | Found Haler's Antique Weapon Emporium.
  9615 | Orc:1    | Noticed Nergalle
  9637 | Orc:1    | Killed Nergalle
 10042 | Orc:1    | Reached skill level 5 in Spellcasting
 10163 | Orc:1    | Learned a level 6 spell: Hydra Form
 10187 | Orc:1    | Reached skill level 1 in Transmutations
 10287 | Orc:2    | Entered Level 2 of the Orcish Mines
 10287 | Orc:2    | Found Cihui's Quality Used Wands.
 10303 | Orc:2    | Reached skill level 2 in Transmutations
 10355 | Orc:2    | Found a staircase to the Elven Halls.
 10392 | Orc:2    | Noticed Azrael
 10468 | Orc:2    | Noticed a stone giant
 10551 | Orc:2    | Reached skill level 3 in Transmutations
 10639 | Orc:2    | Noticed a stone giant
 10674 | Orc:2    | Killed a stone giant
 10674 | Orc:2    | Reached skill level 4 in Transmutations
 10760 | Orc:2    | Reached ****** piety under Wu Jian
 10867 | Orc:2    | Killed a stone giant
 10867 | Orc:2    | Reached skill level 5 in Transmutations
 10927 | Orc:2    | Learned a level 4 spell: Summon Lightning Spire
 11153 | Orc:2    | Killed Azrael
 11153 | Orc:2    | Reached skill level 6 in Transmutations
 11362 | Orc:2    | Paralysed by an orc sorcerer for 6 turns
 11369 | Orc:2    | Reached skill level 7 in Transmutations
 11369 | Orc:2    | Reached XP level 14. HP: 104/127 MP: 11/21
 11399 | Orc:2    | Noticed Maurice
 11403 | Orc:2    | Killed Maurice
 11564 | Orc:2    | Found Goabbuem's Antique Armour Shoppe.
 11568 | Orc:2    | Found Jonoenk's Jewellery Boutique.
 11579 | Orc:2    | Found Jeham's Food Boutique.
 11581 | Orc:2    | Found Qavyn's Weapon Shoppe.
 11601 | Orc:2    | Bought a +3 ring of evasion for 252 gold pieces
 11601 | Orc:2    | Bought an uncursed amulet of regeneration for 360 gold pieces
 11618 | Orc:2    | Bought a buckler for 99 gold pieces
 11661 | Orc:2    | Reached skill level 1 in Shields
 11675 | Orc:2    | Reached skill level 2 in Shields
 11707 | Orc:2    | Paralysed by an orc sorcerer for 5 turns
 11712 | Orc:2    | Reached skill level 3 in Shields
 11860 | D:4      | Bought a book of Necromancy for 420 gold pieces
 11865 | D:4      | Learned a level 3 spell: Regeneration
 11872 | D:4      | Learned a level 1 spell: Animate Skeleton
 11918 | D:5      | Noticed Blork the orc
 11923 | D:5      | Killed Blork the orc
 11939 | D:5      | Found Loere's Luxury Loot.
 12314 | Lair:5   | Reached skill level 1 in Necromancy
 12319 | Lair:5   | Reached skill level 1 in Charms
 12372 | Lair:5   | Reached skill level 4 in Shields
 12373 | Lair:5   | Reached skill level 2 in Necromancy
 12374 | Lair:5   | Reached skill level 2 in Charms
 12377 | Lair:5   | Reached skill level 6 in Spellcasting
 12524 | Lair:6   | Entered Level 6 of the Lair of Beasts
 12547 | Lair:6   | Found a dark tunnel.
 12561 | Volcano  | Entered a volcano
 12744 | Volcano  | Found a bloodstained altar of Trog.
 12761 | Volcano  | Reached skill level 8 in Transmutations
 12999 | Lair:6   | Got a faintly humming hat
 13005 | Lair:6   | Identified the cursed -4 hat of Insatiable Hunger {rC+ Regen+} (You found it on level 6 of the Lair of Beasts)
 13069 | Lair:6   | Reached skill level 7 in Spellcasting
 13148 | Lair:6   | Reached skill level 9 in Transmutations
 13286 | Lair:6   | Reached skill level 10 in Transmutations
 13293 | Lair:6   | Reached XP level 15. HP: 71/134 MP: 5/26
 13296 | Lair:6   | Reached skill level 8 in Spellcasting
 13302 | Lair:6   | HP: 21/261 [elephant (17)]
 13701 | Lair:6   | Found a burning altar of Makhleb.
 13712 | Lair:6   | Reached skill level 3 in Necromancy
 13713 | Lair:6   | Found a gateway to Hell.
 13715 | Lair:6   | Reached skill level 11 in Transmutations
 13732 | Lair:6   | Got a translucent scarf
 13741 | Lair:6   | Identified the scarf of Koideton {*Contam rCorr Str+3 Stlth+} (You found it on level 6 of the Lair of Beasts)
 14029 | Lair:5   | Reached skill level 4 in Necromancy
 14090 | Lair:3   | Learned a level 7 spell: Dragon Form
 14091 | Swamp:1  | Entered Level 1 of the Swamp
 14216 | Swamp:1  | Learned a level 1 spell: Apportation
 14242 | Swamp:2  | Reached skill level 1 in Translocations
 14343 | Swamp:2  | Reached skill level 2 in Translocations
 14394 | Swamp:3  | Noticed Kirke
 14397 | Swamp:3  | Noticed a sphinx
 14400 | Swamp:3  | Killed Kirke
 14400 | Swamp:3  | Reached skill level 9 in Spellcasting
 14400 | Swamp:3  | Reached skill level 12 in Transmutations
 14761 | Swamp:4  | Entered Level 4 of the Swamp
 14795 | Swamp:4  | Lost mutation: You expend magic power (3 MP) to strengthen your wands. [potion of mutation]
 14795 | Swamp:4  | Lost mutation: You are agile. (Dex +2) [potion of mutation]
 14795 | Swamp:4  | Gained mutation: You are frail. (-10% HP) [potion of mutation]
 14795 | Swamp:4  | Gained mutation: Your tail ends in a poisonous barb. [potion of mutation]
 14845 | Swamp:4  | Noticed Leszczynek's ghost (journeyman TrSk)
 14860 | Swamp:4  | Killed Leszczynek's ghost
 14873 | Swamp:4  | Lost mutation: You are frail. (-10% HP) [mutagenic meat]
 14874 | Swamp:4  | Gained mutation: You possess an exceptional clarity of mind. [mutagenic meat]
 14917 | Swamp:4  | Reached skill level 13 in Transmutations
 15006 | Swamp:4  | Noticed a thorn hunter
 15131 | Swamp:3  | Reached XP level 16. HP: 141/141 MP: 13/29
 15277 | Swamp:4  | Killed a thorn hunter
 15277 | Swamp:4  | Reached skill level 10 in Spellcasting
 15333 | Swamp:4  | Noticed the 27-headed Lernaean hydra
 15337 | Swamp:4  | Killed the 26-headed Lernaean hydra
 15342 | Swamp:4  | Reached skill level 14 in Transmutations
 15364 | Swamp:4  | Got a decaying rune of Zot
 15494 | Swamp:4  | Noticed a thorn hunter
 15497 | Swamp:4  | Noticed Jorgrun
 15505 | Swamp:4  | Killed Jorgrun
 15508 | Swamp:4  | Killed a thorn hunter
 15703 | Swamp:1  | Noticed a thorn hunter
 15711 | Swamp:1  | Killed a thorn hunter
 16008 | Lair:3   | Learned a level 5 spell: Irradiate
 16016 | Lair:3   | Learned a level 6 spell: Statue Form
 16018 | Snake:1  | Entered Level 1 of the Snake Pit
 16024 | Snake:1  | Found a frozen archway.
 16033 | IceCv    | Entered an ice cave
 16067 | IceCv    | Reached skill level 1 in Earth Magic
 16098 | IceCv    | Reached skill level 15 in Transmutations
 16161 | IceCv    | Noticed an Ice Fiend
 16164 | IceCv    | Killed an Ice Fiend
 16164 | IceCv    | Reached skill level 11 in Spellcasting
 16164 | IceCv    | Reached skill level 2 in Earth Magic
 16181 | IceCv    | Got a faintly glowing whip
 16477 | Snake:2  | Reached skill level 3 in Earth Magic
 16516 | Snake:2  | Noticed Aizul
 16522 | Snake:2  | Killed Aizul
 16540 | Snake:2  | Reached skill level 3 in Translocations
 16602 | Snake:2  | Reached skill level 4 in Earth Magic
 16620 | Snake:2  | Found Kidasude's Assorted Antiques.
 16679 | Snake:2  | Identified the cursed +3 whip "Difappac" {elec, *Rage +Blink MR- Str+9} (You found it in an ice cave)
 16720 | Snake:2  | Noticed Saint Roka
 16721 | Snake:2  | Reached XP level 17. HP: 121/148 MP: 25/32
 16738 | Snake:2  | Reached skill level 4 in Translocations
 16746 | Snake:2  | HP: 11/222 [salamander mystic/orb of energy (23)]
 16915 | Snake:1  | Reached skill level 5 in Earth Magic
 17263 | Snake:2  | Killed Saint Roka
 17263 | Snake:2  | Reached skill level 12 in Spellcasting
 17306 | Snake:2  | Learned a level 4 spell: Animate Dead
 17314 | Snake:3  | Reached skill level 6 in Earth Magic
 17323 | Snake:3  | Found a basalt altar of Yredelemnul.
 17529 | Snake:3  | Reached skill level 7 in Earth Magic
 17684 | Snake:4  | Entered Level 4 of the Snake Pit
 17831 | Snake:4  | Reached skill level 8 in Earth Magic
 17981 | Snake:4  | Noticed Gorglomux's ghost (adept SpAE)
 17990 | Snake:4  | Killed Gorglomux's ghost
 17991 | Snake:4  | Reached skill level 13 in Fighting
 18011 | Snake:4  | Reached skill level 15 in Unarmed Combat
 18244 | Snake:4  | Reached skill level 3 in Charms
 18273 | Snake:4  | Reached XP level 18. HP: 158/158 MP: 7/34
 18281 | Snake:4  | Reached skill level 5 in Necromancy
 18311 | Snake:4  | Got a serpentine rune of Zot
 18475 | Snake:2  | Bought a scroll of blinking for 285 gold pieces
 18475 | Snake:2  | Bought a potion of heal wounds for 190 gold pieces
 18597 | Snake:2  | Found Lumisouf's Distillery.
 18606 | Snake:2  | Bought a potion of heal wounds for 55 gold pieces
 18606 | Snake:2  | Bought a potion of mutation for 88 gold pieces
 18768 | Lair:3   | Lost mutation: You possess an exceptional clarity of mind. [potion of mutation]
 18768 | Lair:3   | Lost mutation: Your tail ends in a poisonous barb. [potion of mutation]
 18768 | Lair:3   | Gained mutation: You have sharp fingernails. [potion of mutation]
 18768 | Lair:3   | Gained mutation: You are robust. (+10% HP) [potion of mutation]
 18768 | Lair:3   | Gained mutation: Your spells are a little harder to cast, but a little more powerful. [potion of mutation]
 18910 | Slime:1  | Entered Level 1 of the Pits of Slime
 18918 | Slime:1  | Gained mutation: You expend magic power (3 MP) to strengthen your wands. [a shining eye]
 18937 | Slime:1  | Lost mutation: Your spells are a little harder to cast, but a little more powerful. [a shining eye]
 18949 | Slime:1  | Reached skill level 14 in Fighting
 18949 | Slime:1  | Reached skill level 16 in Unarmed Combat
 19195 | Slime:2  | Gained mutation: You are weak. (Str -2) [a shining eye]
 19363 | Slime:5  | Entered Level 5 of the Pits of Slime
 19522 | Slime:5  | Found a viscous altar of Jiyva.
 19525 | Slime:5  | Noticed the Royal Jelly
 19555 | Slime:5  | Killed the Royal Jelly
 19555 | Slime:5  | Reached skill level 17 in Unarmed Combat
 19558 | Slime:5  | HP: 22/267 [death ooze[the Royal Jelly] (16)]
 19692 | Slime:5  | Reached XP level 19. HP: 185/185 MP: 15/35
 19694 | Slime:5  | Reached skill level 15 in Fighting
 19747 | Slime:5  | Got a crude bronze ring
 19780 | Slime:5  | Got a vibrating lead ring
 19793 | Slime:5  | Identified the ring of Compassion {rF+ Int+4} (You found it on level 5 of the Pits of Slime)
 19795 | Slime:5  | Identified the ring of Wefapt {rF++ rN+ MP+9} (You found it on level 5 of the Pits of Slime)
 19799 | Slime:5  | Identified the Compendium of Darkness and the Birds
 19812 | Slime:5  | Got a slimy rune of Zot
 19854 | Slime:5  | Got a steaming war axe
 19855 | Slime:5  | Identified the +1 war axe of Linearity {chop, *Rage rC++ SInv} (You found it on level 5 of the Pits of Slime)
 19862 | Slime:5  | Got a fine whip
 19863 | Slime:5  | Identified the +6 whip of the Iron City of Dis {slash, +Fly Str+4} (You found it on level 5 of the Pits of Slime)
 19865 | Slime:5  | Got a shimmering morningstar
 19866 | Slime:5  | Identified the +3 morningstar of Karma {venom, rC- Str+2 Dex+4 Stlth+} (You found it on level 5 of the Pits of Slime)
 19870 | Slime:5  | Upgraded the game from 0.21-a0-227-g58a7c62 to 0.21-a0-228-g14ccbf3
 19936 | Lair:5   | Upgraded the game from 0.21-a0-228-g14ccbf3 to 0.21-a0-229-g3587535
 20087 | D:10     | Killed p0werm0de's ghost
 20198 | D:4      | Bought a book of Geomancy for 490 gold pieces
 20198 | D:4      | Bought a book of Minor Magic for 280 gold pieces
 20201 | D:4      | Learned a level 2 spell: Blink
 20310 | Elf:1    | Entered Level 1 of the Elven Halls
 20351 | Elf:1    | Found a flickering gateway to a bazaar.
 20551 | Elf:1    | Learned a level 2 spell: Passwall
 20570 | Bazaar   | Entered a bazaar
 20590 | Bazaar   | Found Woicid's Armour Emporium.
 20609 | Bazaar   | Found Ryaklo's Antique Weapon Emporium.
 20609 | Bazaar   | Found Tyge's Armour Shoppe.
 20631 | Bazaar   | Found Unyamiruomm's Antique Weapon Emporium.
 20648 | Bazaar   | Found Jerphixush's Armour Shoppe.
 20733 | Elf:3    | Entered Level 3 of the Elven Halls
 20770 | Elf:3    | Reached skill level 13 in Spellcasting
 21069 | Elf:3    | Cast into level 3 of the Abyss (a deep elf demonologist)
 21101 | Abyss:3  | Found a burning altar of Makhleb.
 21249 | Abyss:4  | Noticed a bone dragon
 21259 | Abyss:4  | Killed a bone dragon
 21299 | Abyss:4  | Got an abyssal rune of Zot
 21302 | Abyss:4  | Reached skill level 18 in Unarmed Combat
 21319 | Elf:3    | Escaped the Abyss
 21395 | Elf:3    | Cast into level 2 of the Abyss (a deep elf sorcerer)
 21396 | Abyss:2  | Found a corrupted altar of Lugonu.
 21465 | Elf:3    | Escaped the Abyss
 21469 | Elf:3    | Reached skill level 14 in Spellcasting
 21519 | Elf:3    | Reached XP level 20. HP: 136/197 MP: 3/38
 21554 | Elf:3    | Cast into level 2 of the Abyss (a deep elf sorcerer)
 21602 | Elf:3    | Escaped the Abyss
 21622 | Elf:3    | Reached skill level 16 in Fighting
 21661 | Elf:3    | Cast into level 2 of the Abyss (a deep elf demonologist)
 21680 | Abyss:2  | Reached skill level 19 in Unarmed Combat
 21732 | Elf:3    | Escaped the Abyss
 21803 | Elf:3    | Identified the Disquisition on Cankerous Transmutation
 21860 | Elf:3    | Got a heavily runed wooden ring
 21862 | Elf:3    | Identified the ring "Haavioli" {-Tele rN+ Str+9 Stlth+} (You found it on level 3 of the Elven Halls)
 21917 | Elf:3    | Got a pitted platinum ring
 21919 | Elf:3    | Identified the ring of Vasy {rElec MP+9 Stlth-} (You found it on level 3 of the Elven Halls)
 22042 | Elf:2    | Learned a level 3 spell: Ozocubu's Armour
 22214 | D:11     | Learned a level 5 spell: Lee's Rapid Deconstruction
 22253 | D:12     | Found a basalt altar of Yredelemnul.
 22268 | D:12     | You fall through a shaft for 2 floors!
 22268 | D:14     | Noticed Nessos
 22277 | D:14     | Killed Nessos
 22331 | D:15     | Entered Level 15 of the Dungeon
 22421 | D:13     | Found a gate to the Vaults.
 22424 | D:13     | Reached skill level 15 in Spellcasting
 22436 | Vaults:1 | Entered Level 1 of the Vaults
 22769 | Vaults:2 | Found Vetagig's Food Boutique.
 22818 | Vaults:2 | Learned a level 4 spell: Control Undead
 22822 | Vaults:2 | Reached skill level 16 in Spellcasting
 22826 | Vaults:2 | Found Xanack's Weapon Boutique.
 22888 | Vaults:2 | Reached XP level 21. HP: 206/206 MP: 41/41
 23131 | Vaults:5 | Entered Level 5 of the Vaults
 23141 | Vaults:5 | Noticed a golden dragon
 23144 | Vaults:5 | Noticed an ancient lich
 23146 | Vaults:5 | Killed a golden dragon
 23147 | Vaults:5 | Killed an ancient lich
 23147 | Vaults:5 | Reached skill level 17 in Fighting
 23147 | Vaults:5 | Reached skill level 20 in Unarmed Combat
 23253 | Vaults:5 | Got a silver rune of Zot
 23374 | Vaults:5 | Reached skill level 21 in Unarmed Combat
 23445 | Vaults:5 | Reached XP level 22. HP: 183/220 MP: 7/42
 23455 | Vaults:5 | Found Behodi's Antique Weapon Shop.
 23465 | Vaults:5 | Reached skill level 18 in Fighting
 23552 | Vaults:5 | Noticed an ancient lich
 23612 | Vaults:5 | Noticed a golden dragon
 23629 | Vaults:5 | Killed a golden dragon
 23712 | Vaults:5 | Killed an ancient lich
 23712 | Vaults:5 | Reached skill level 22 in Unarmed Combat
 23778 | Vaults:5 | Noticed a golden dragon
 23778 | Vaults:5 | Noticed a caustic shrike
 23778 | Vaults:5 | a golden dragon changed into a caustic shrike
 23782 | Vaults:5 | Killed a caustic shrike
 23903 | Vaults:4 | Found Kouripn's Assorted Antiques.
 23911 | Vaults:4 | Bought 2 potions of agility for 400 gold pieces
 23911 | Vaults:4 | Bought a hardcover book for 750 gold pieces
 24180 | Vaults:2 | Found a staircase to the Crypt.
 24190 | Crypt:1  | Entered Level 1 of the Crypt
 24246 | Crypt:2  | Noticed Jory
 24253 | Crypt:2  | Killed Jory
 24280 | Crypt:3  | Entered Level 3 of the Crypt
 24290 | Crypt:3  | Noticed Leszczynek's ghost (adept TrSk)
 24295 | Crypt:3  | Killed Leszczynek's ghost
 24301 | Crypt:3  | Reached skill level 9 in Earth Magic
 24324 | Crypt:2  | Noticed Mara
 24328 | Crypt:2  | Killed Mara
 24373 | Crypt:3  | Reached skill level 10 in Earth Magic
 24394 | Crypt:3  | Reached XP level 23. HP: 232/232 MP: 40/43
 24529 | Crypt:3  | Reached skill level 11 in Earth Magic
 24533 | Crypt:3  | Reached skill level 19 in Fighting
 24553 | Crypt:3  | Found a basalt altar of Yredelemnul.
 24555 | Crypt:3  | Noticed an ancient lich
 24557 | Crypt:3  | Killed an ancient lich
 24679 | Crypt:3  | Reached skill level 10 in Dodging
 24803 | Crypt:3  | Found a staircase to the Tomb.
 24814 | Crypt:3  | Identified the Incunabulum of Black Rituals
 24829 | Crypt:3  | Learned a level 6 spell: Death Channel
 24838 | Tomb:1   | Entered Level 1 of the Tomb of the Ancients
 24906 | Tomb:1   | Paralysed by a sphinx for 7 turns
 25059 | Tomb:1   | Noticed a greater mummy
 25059 | Tomb:1   | Noticed a greater mummy
 25060 | Tomb:1   | Noticed a greater mummy
 25063 | Tomb:1   | Noticed a greater mummy
 25066 | Tomb:1   | Killed a greater mummy
 25069 | Tomb:1   | Killed a greater mummy
 25069 | Tomb:1   | Reached skill level 6 in Necromancy
 25070 | Tomb:1   | Killed a greater mummy
 25070 | Tomb:1   | Reached skill level 7 in Necromancy
 25075 | Tomb:1   | Killed a greater mummy
 25076 | Tomb:1   | Noticed a greater mummy
 25082 | Tomb:1   | Killed a greater mummy
 25082 | Tomb:1   | Reached skill level 8 in Necromancy
 25096 | Tomb:1   | Noticed a greater mummy
 25104 | Tomb:1   | Killed a greater mummy
 25115 | Tomb:1   | Noticed a greater mummy
 25122 | Tomb:1   | Killed a greater mummy
 25122 | Tomb:1   | Reached skill level 9 in Necromancy
 25237 | Tomb:2   | Reached skill level 10 in Necromancy
 25240 | Tomb:2   | Reached skill level 4 in Charms
 25279 | Tomb:2   | Gained mutation: Potions are less effective at restoring your health. [mutagenic glow]
 25283 | Tomb:3   | Entered Level 3 of the Tomb of the Ancients
 25292 | Tomb:3   | Noticed a greater mummy
 25295 | Tomb:3   | Noticed a greater mummy
 25306 | Tomb:3   | Noticed a greater mummy
 25310 | Tomb:3   | HP: 18/306 [greater mummy/divine providence (13)]
 25310 | Tomb:3   | HP: 5/306 [bennu (13)]
 25391 | Tomb:3   | Noticed a greater mummy
 25395 | Tomb:3   | Killed a greater mummy
 25395 | Tomb:3   | Reached skill level 5 in Charms
 25405 | Tomb:3   | Killed a greater mummy
 25420 | Tomb:3   | Killed a greater mummy
 25420 | Tomb:3   | Reached skill level 11 in Necromancy
 25420 | Tomb:3   | Reached XP level 24. HP: 59/245 MP: 22/43
 25492 | Tomb:3   | Noticed a greater mummy
 25498 | Tomb:3   | Killed a greater mummy
 25500 | Tomb:3   | Killed a greater mummy
 25502 | Tomb:3   | Reached skill level 11 in Dodging
 25533 | Tomb:3   | Identified the ring of Hitoup {*Corrode rF+ Str+2 Dex+4} (You found it on level 3 of the Tomb of the Ancients)
 25555 | Tomb:3   | Identified the +2 leather armour "Kehom" {Int+5} (You found it on level 3 of the Tomb of the Ancients)
 25556 | Tomb:3   | Got a heavily runed tin ring
 25558 | Tomb:3   | Identified the ring "Viymianurr" {rElec rPois MR+ Int+4} (You found it on level 3 of the Tomb of the Ancients)
 25587 | Tomb:3   | Identified the Papyrus of Creative Necromancy
 25595 | Tomb:3   | Identified the Tome of Venom and the Volcanoes
 25637 | Tomb:3   | Reached skill level 20 in Fighting
 25690 | Tomb:3   | Noticed a greater mummy
 25694 | Tomb:3   | Noticed Khufu
 25697 | Tomb:3   | Noticed a greater mummy
 25708 | Tomb:3   | HP: 20/319 [mummy priest/divine providence (12)]
 25710 | Tomb:3   | Killed from afar by a mummy priest

Vault maps used:
D:1:      roderic_dead_forest
D:3:      uniq_jessica, uniq_crazy_yiuf_cottage, uniq_sigmund
D:4:      cheibrodos_quashed, fedhas_altar_4, serial_shops,
          kennysheep_mini_moat, first_bread, serial_glass, glass_columns_b,
          glass_columns_b, solitary_fountain, okawaru_gym_becter
D:5:      minmay_temple_entry_statues, serial_shops, nicolae_shop_stone,
          nicolae_alphabet_shops, kennysheep_generic_room_9, uniq_blork_the_orc
D:6:      serial_shops, nicolae_shop_trees, uniq_pikel
D:7:      the_bakery
D:8:      nicolae_elemental_shop, uniq_erica, uniq_grum
D:9:      orc_0_dummy, serial_shops, nicolae_shop_trees
D:10:     serial_bayou, serial_bayou_pond_b, serial_bayou_crossing,
          serial_bayou_lake_a, serial_bayou_ford_a, uniq_sonja
D:11:     grunt_lair_entry_orc_guard_hut
D:12:     minmay_misc_feat_rows, yredelemnul_altar_generic
D:13:     david_vaults_1, roderic_serpentine_path, pf_eden
D:14:     glass_columns_c, serial_shops, shop, uniq_nessos
D:15:     hangedman_depths_entry_civil_slaughter, grunt_gozag_statues
Temple:   minmay_crystal_snake_temple
Lair:1:   serial_bayou_shore_b
Lair:2:   st_stairs_9, wad_woods_03, uniq_fannar
Lair:3:   minmay_swamp_entry_worms, dummy_snake_entry, uniq_urug
Lair:5:   beast_lair_carwin_large_4, nicolae_slime_entry_slimehenge,
          minivault_26, disabler_island
Lair:6:   evil_forest, enter_volcano_4, special_room
Swamp:1:  evilmike_swamp_ruin_house_3
Swamp:2:  nicolae_swamp_treefoil, swamp_pool3, hangedman_swamp_lotus
Swamp:3:  evilmike_swamp_ruin_house_6, swamp_pool4, cheibrodos_swamp_slimy,
          uniq_kirke
Swamp:4:  swamp_old_school, infiniplex_staircase_pool, uniq_jorgrun
Snake:1:  portal_ice_cave_entry_pillars_1, guppyfry_snake_island,
          grunt_megastairs_3
Snake:2:  serial_shops, nicolae_shop_window_shopping, nicolae_shop_stone,
          hangedman_snake_corridor_split, uniq_aizul, uniq_saint_roka
Snake:3:  basic_altar, grunt_ministairs_6, spider_trap, st_stairs_14
Snake:4:  minmay_snake_end_coiled
Slime:3:  nicolae_slime_barrier
Slime:4:  cheibrodos_slime_lost_civilization_5
Orc:1:    cheibrodos_orc_arena, serial_shops, nicolae_shop_crystal,
          library_closet, mines3_lemuel, uniq_nergalle
Orc:2:    st_orc_elflike, nicolae_for_you_no_charge, uniq_maurice, uniq_azrael
Elf:1:    serial_shops, bzr_entry_dummy, hangedman_elven_crosses_minicolossus
Elf:2:    serial_shops, shop
Elf:3:    minmay_elf_hall_hex
Vaults:1: ontoclasm_vaults_ring_small, vaults_mumra_hex, v_alt_pattern_3,
          hangedman_vaults_corner, ontoclasm_vaults_ring_small,
          nicolae_vaults_quadrants, nicolae_vaults_what_the_h, v_alt_pattern_1,
          v_misc_31, vaults_mumra_hexcomb, v_misc_19, ontoclasm_vaults_eye,
          nicolae_vaults_gold_heap, vaults_dpeg_ring, vaults_room_grid,
          serial_shops, shop, enter_trove_5
Vaults:2: nicolae_vaults_inception_network, vaults_room_mumra_shop_pool,
          grunt_vaults_hallway_short, nicolae_vaults_big_ls,
          minmay_crypt_entry_skeletal_spiral, nicolae_vaults_little_squares_5,
          vaults_room_ringed_pool, nicolae_vaults_asterisk, v_misc_4,
          nicolae_vaults_specimen_jars, ontoclasm_vaults_idyll,
          hangedman_vaults_trim, nicolae_vaults_theta, serial_shops,
          nicolae_shop_waterfront
Vaults:3: grunt_vaults_funnel, vaults_dpeg_diagonal, v_rooms_5,
          hangedman_vaults_river_flow, vaults_room_semicircle, v_pattern_4,
          nicolae_vaults_network_periphery, hangedman_vaults_capsules,
          nicolae_vaults_little_squares_3, ontoclasm_vaults_gateway
Vaults:4: nicolae_vaults_rhombus_6, nicolae_vaults_ninety_degrees,
          vaults_standard_mumra_enter_the_diamond, nicolae_vaults_theta,
          hangedman_vaults_slice, serial_shops, nicolae_shop_stone
Vaults:5: serial_shops
Crypt:1:  grunt_crypt_arrival_guarded_gate
Crypt:2:  grunt_megastairs_1, uniq_bai_suzhen, uniq_jory, uniq_mara, uniq_mennas
Crypt:3:  cryptofortress_bobbens
Abyss:2:  evilmike_abyss_exit_2, bh_abyss_exit_choice, evilmike_abyss_exit_6
Abyss:4:  grunt_abyss_rune_forest_and_sorcery, evilmike_abyss_exit_1,
          minivault_24
Bazaar:   bazaar_long_row
IceCv:    ice_cave_tombish
Volcano:  volcano_lake

Skill      XL: |  1  2  3  4  5  6  7  8  9 10 11 12 13 14 15 16 17 18 19 20 21 22 23 24 |
---------------+-------------------------------------------------------------------------+-----
Conjurations   | 2 3 |  3.0
Air Magic      | 2 3 5 9 |  9.0
Fighting       | 2 4 6 9 10 11 12 13 14 15 16 17 18 19 20 | 20.0
Dodging        | 1 3 6 8 9 10 11 | 11.3
Evocations     | 3 |  3.2
Unarmed Combat | 9 13 14 15 17 18 19 21 22 | 22.5
Stealth        | 3 |  3.6
Spellcasting   | 5 7 9 11 12 14 16 | 16.0
Transmutations | 7 10 13 15 | 15.5
Shields        | 4 |  4.4
Necromancy     | 2 4 5 11 | 11.0
Charms         | 2 3 5 |  5.8
Translocations | 2 3 4 |  4.3
Earth Magic    | 4 8 10 11 | 11.1
Summonings     | |  2.0

Action                   |  1- 3 |  4- 6 |  7- 9 | 10-12 | 13-15 | 16-18 | 19-21 | 22-24 || total
-------------------------+-------+-------+-------+-------+-------+-------+-------+-------++-------
Melee: Club              |     5 |       |       |       |       |       |       |       ||     5
       Dagger            |    13 |    53 |   221 |   292 |       |       |       |       ||   579
       Tailslap          |       |     4 |    31 |   116 |    82 |    89 |    91 |    93 ||   506
       Scimitar          |       |       |     5 |       |       |       |       |       ||     5
       Morningstar       |       |       |       |     4 |       |       |       |       ||     4
       Unarmed           |       |       |       |   337 |   915 |   755 |   834 |   685 ||  3526
       Punch             |       |       |       |    24 |    37 |    40 |    55 |    30 ||   186
       Bite              |       |       |       |       |     8 |    67 |    84 |    35 ||   194
       Staff             |       |       |       |       |     4 |     2 |     1 |     1 ||     8
 Fire: Blowgun           |       |       |       |     7 |       |       |       |       ||     7
Throw: Tomahawk          |       |       |       |     1 |       |       |       |       ||     1
       Javelin           |       |       |       |       |     4 |       |       |       ||     4
 Cast: Shock             |    48 |    64 |    87 |    36 |    32 |       |       |       ||   267
       Static Discharge  |       |     4 |     4 |       |       |       |       |       ||     8
       Call Canine Famil |       |     3 |     5 |     1 |       |       |       |       ||     9
       Swiftness         |       |     1 |       |       |     1 |     1 |       |       ||     3
       Airstrike         |       |       |     4 |    46 |   109 |    21 |    10 |     1 ||   191
       Summon Butterflie |       |       |       |       |    42 |     1 |       |       ||    43
       Regeneration      |       |       |       |       |    55 |    68 |    63 |    59 ||   245
       Hydra Form        |       |       |       |       |    22 |     1 |       |       ||    23
       Animate Skeleton  |       |       |       |       |    22 |    27 |     1 |       ||    50
       Summon Lightning  |       |       |       |       |    12 |    15 |     2 |       ||    29
       Dragon Form       |       |       |       |       |     4 |    44 |    36 |    16 ||   100
       Apportation       |       |       |       |       |       |    20 |    74 |    89 ||   183
       Animate Dead      |       |       |       |       |       |     2 |     4 |       ||     6
       Passwall          |       |       |       |       |       |       |    12 |       ||    12
       Irradiate         |       |       |       |       |       |       |     4 |     9 ||    13
       Statue Form       |       |       |       |       |       |       |     1 |    14 ||    15
       Ozocubu's Armour  |       |       |       |       |       |       |     5 |     2 ||     7
       Blink             |       |       |       |       |       |       |     2 |     1 ||     3
       Lee's Rapid Decon |       |       |       |       |       |       |       |    11 ||    11
       Control Undead    |       |       |       |       |       |       |       |    18 ||    18
       Death Channel     |       |       |       |       |       |       |       |     1 ||     1
Invok: Serpent's Lash    |       |       |       |       |    15 |     8 |     3 |     2 ||    28
       Heavenly Storm    |       |       |       |       |     1 |     3 |     3 |     2 ||     9
 Abil: Breathe Steam     |       |       |    18 |    59 |    48 |    18 |     4 |     3 ||   150
       Evoke Berserk Rag |       |       |     5 |    11 |     8 |       |       |       ||    24
       End Transformatio |       |       |       |       |     3 |     3 |     1 |     1 ||     8
Evoke: Wand              |       |       |     2 |     8 |    29 |     6 |     3 |       ||    48
       Lamp of fire      |       |       |       |     1 |     1 |       |     1 |       ||     3
       Sack of spiders   |       |       |       |       |       |       |       |     1 ||     1
  Use: Scroll            |     1 |     6 |    11 |    13 |    12 |    17 |    15 |    17 ||    92
       Potion            |       |     1 |     1 |     5 |     3 |     8 |       |     9 ||    27
 Stab: Sleeping          |     2 |     1 |     1 |     5 |     5 |     6 |     8 |     2 ||    30
       Distracted        |       |       |       |       |     5 |     2 |     1 |     1 ||     9
       Petrified         |       |       |       |       |     1 |       |       |       ||     1
  Eat: Chunk             |       |     5 |    11 |    34 |    24 |    12 |     1 |     2 ||    89
       Bread ration      |       |       |     1 |       |     1 |     4 |     1 |     3 ||    10
       Fruit             |       |       |       |     9 |       |     3 |     9 |       ||    21
       Royal jelly       |       |       |       |     1 |     8 |     1 |     3 |     2 ||    15
       Meat ration       |       |       |       |       |     1 |     3 |     3 |     2 ||     9
Armor: Skin              |    13 |    26 |    86 |   112 |   162 |   254 |   214 |   273 ||  1140
Dodge: Dodged            |    24 |    36 |   172 |   374 |   536 |   305 |   293 |   459 ||  2199
Block: Buckler           |       |       |       |       |    25 |     1 |     4 |   102 ||   132
       Rpst.: Scimitar   |       |       |     4 |       |       |       |       |       ||     4

Table legend:
 A = Spawn XP
 B = Non-spawn XP
 C = Spawn XP percentage of total XP
 D = Spawn monster count
 E = Non-spawn monster count
 F = Spawn count percentage of total count
 G = Total turns spent on level
                    A         B        C        D         E        F      G
               +---------+---------+-------+---------+---------+-------+---------
         Total |   55293 |  967623 |   5.4 |     122 |    1710 |   6.7 | 25710
               +---------+---------+-------+---------+---------+-------+---------
           D:1 |       4 |      33 |  10.8 |       2 |      15 |  11.8 |   535
           D:2 |       2 |     112 |   1.8 |       1 |      27 |   3.6 |   574
           D:3 |       0 |     306 |   0.0 |       0 |      18 |   0.0 |   710
           D:4 |       4 |     446 |   0.9 |       2 |      21 |   8.7 |   689
           D:5 |      39 |     338 |  10.3 |       1 |      12 |   7.7 |   447
           D:6 |      76 |     976 |   7.2 |       2 |      15 |  11.8 |   739
           D:7 |       3 |     356 |   0.8 |       1 |      13 |   7.1 |   475
           D:8 |      14 |    2003 |   0.7 |       1 |      20 |   4.8 |   647
           D:9 |       0 |    1333 |   0.0 |       0 |      18 |   0.0 |   650
          D:10 |     872 |    2814 |  23.7 |       1 |      23 |   4.2 |   646
          D:11 |      99 |    4538 |   2.1 |       2 |      27 |   6.9 |   737
          D:12 |     543 |    4755 |  10.2 |       1 |      37 |   2.6 |   589
          D:13 |       0 |    4519 |   0.0 |       0 |       8 |   0.0 |    92
          D:14 |       0 |    8099 |   0.0 |       0 |      17 |   0.0 |    86
          D:15 |       0 |    1979 |   0.0 |       0 |       4 |   0.0 |    12
        Lair:1 |       0 |    1803 |   0.0 |       0 |      11 |   0.0 |   403
        Lair:2 |    1137 |   10161 |  10.1 |       5 |      29 |  14.7 |   870
        Lair:3 |     475 |    5054 |   8.6 |       2 |      22 |   8.3 |   800
        Lair:4 |       0 |    4881 |   0.0 |       0 |      17 |   0.0 |   557
        Lair:5 |    5008 |   20207 |  19.9 |      14 |      63 |  18.2 |   982
        Lair:6 |    3665 |   29697 |  11.0 |       8 |      82 |   8.9 |  1035
       Swamp:1 |     163 |   14435 |   1.1 |       1 |      29 |   3.3 |   389
       Swamp:2 |       0 |    2141 |   0.0 |       0 |       7 |   0.0 |   233
       Swamp:3 |    1323 |   11578 |  10.3 |       5 |      33 |  13.2 |   674
       Swamp:4 |     741 |   35357 |   2.1 |       2 |      49 |   3.9 |   545
       Snake:1 |     818 |   10136 |   7.5 |       1 |      19 |   5.0 |   594
       Snake:2 |    6443 |   32181 |  16.7 |      15 |      72 |  17.2 |   766
       Snake:3 |     436 |   12097 |   3.5 |       1 |      26 |   3.7 |   398
       Snake:4 |       0 |   46417 |   0.0 |       0 |      93 |   0.0 |   719
       Slime:1 |       0 |   15118 |   0.0 |       0 |      26 |   0.0 |   246
       Slime:2 |       0 |    8440 |   0.0 |       0 |      15 |   0.0 |    48
       Slime:3 |       0 |    4581 |   0.0 |       0 |      13 |   0.0 |    40
       Slime:4 |       0 |    6312 |   0.0 |       0 |      18 |   0.0 |   338
       Slime:5 |       0 |   42957 |   0.0 |       0 |      24 |   0.0 |   333
         Orc:1 |     870 |    4211 |  17.1 |       5 |      36 |  12.2 |   766
         Orc:2 |    2641 |   13145 |  16.7 |       4 |      54 |   6.9 |  1483
         Elf:1 |     143 |   17333 |   0.8 |       1 |      27 |   3.6 |   346
         Elf:2 |       0 |    6942 |   0.0 |       0 |      11 |   0.0 |   111
         Elf:3 |    3573 |   78565 |   4.3 |       6 |      77 |   7.2 |   796
      Vaults:1 |       0 |    7735 |   0.0 |       0 |      14 |   0.0 |    38
      Vaults:2 |    3231 |   43177 |   7.0 |       6 |      75 |   7.4 |   696
      Vaults:3 |       0 |   13758 |   0.0 |       0 |      24 |   0.0 |   123
      Vaults:4 |       0 |   12885 |   0.0 |       0 |      24 |   0.0 |   208
      Vaults:5 |    1721 |  167385 |   1.0 |       5 |     145 |   3.3 |   689
       Crypt:1 |       0 |    1494 |   0.0 |       0 |      10 |   0.0 |    44
       Crypt:2 |       0 |   21454 |   0.0 |       0 |      16 |   0.0 |    65
       Crypt:3 |    1366 |   65716 |   2.0 |       2 |      82 |   2.4 |   539
        Tomb:1 |       0 |   59323 |   0.0 |       0 |      29 |   0.0 |   295
        Tomb:2 |     403 |   13376 |   2.9 |       1 |      21 |   4.5 |   293
        Tomb:3 |       0 |   62130 |   0.0 |       0 |      77 |   0.0 |   284
       Abyss:2 |    2728 |       0 | 100.0 |       3 |       0 | 100.0 |   189
       Abyss:3 |    6894 |    2604 |  72.6 |      11 |       6 |  64.7 |   142
       Abyss:4 |    9858 |   16160 |  37.9 |      10 |      18 |  35.7 |   108
         IceCv |       0 |    9118 |   0.0 |       0 |      23 |   0.0 |   272
       Volcano |       0 |    4952 |   0.0 |       0 |      18 |   0.0 |   374
               +---------+---------+-------+---------+---------+-------+---------

Table legend:
 A = Turns spent in this place as a percentage of turns spent in the entire game.
 B = Non-inter-level travel turns spent in this place as a percentage of non-inter-level travel turns spent in the entire game.
 C = Inter-level travel turns spent in this place as a percentage of turns spent in this place.
 D = Turns resting spent in this place as a percentage of non-inter-level travel turns spent in this place.
 E = Turns spent auto-exploring this place as a percentage of non-inter-level travel turns spent in this place.
 F = Non-inter-level travel turns spent in this place divided by the number of levels of this place that you've seen.
                   A       B       C       D       E      F
               +-------+-------+-------+-------+-------+----------------------
         Total | 100.0 | 100.0 |   8.2 |   0.5 |   0.0 | 399.9
       Dungeon |  29.7 |  27.8 |  13.9 |   0.1 |   0.0 | 437.6
        Temple |   0.6 |   0.6 |  11.3 |   0.0 |   0.0 | 134.0
          Lair |  18.1 |  17.1 |  13.3 |   0.0 |   0.2 | 671.7
         Swamp |   7.2 |   7.7 |   1.5 |   0.0 |   0.0 | 453.5
     Snake Pit |   9.6 |   9.9 |   5.3 |   0.3 |   0.0 | 586.2
    Slime Pits |   3.9 |   4.1 |   3.8 |   9.7 |   0.0 | 193.4
  Orcish Mines |   8.7 |   9.1 |   4.5 |   0.0 |   0.0 | 1074.0
   Elven Halls |   4.9 |   5.2 |   1.4 |   0.5 |   0.0 | 411.7
        Vaults |   6.8 |   7.1 |   3.9 |   0.0 |   0.0 | 337.0
         Crypt |   2.5 |   2.7 |   0.0 |   0.5 |   0.0 | 216.0
          Tomb |   3.4 |   3.6 |   3.9 |   0.0 |   0.0 | 279.3
         Abyss |   1.7 |   1.9 |   0.0 |   0.0 |   0.0 |  87.8
        Bazaar |   0.4 |   0.4 |   0.0 |   0.0 |   0.0 | 100.0
      Ice Cave |   1.1 |   1.2 |   0.0 |   0.0 |   0.0 | 272.0
       Volcano |   1.5 |   1.6 |   0.0 |   0.0 |   0.0 | 374.0
               +-------+-------+-------+-------+-------+----------------------

Table legend:
 A = Kills in this place as a percentage of kills in entire the game.
 B = Kills by you in this place as a percentage of kills by you in the entire game.
 C = Kills by friends in this place as a percentage of kills by friends in the entire game.
 D = Other kills in this place as a percentage of other kills in the entire game.
 E = Experience gained in this place as a percentage of experience gained in the entire game.
 F = Experience gained in this place divided by the number of levels of this place that you have seen.
                   A       B       C       D       E      F
               +-------+-------+-------+-------+-------+----------------------
         Total | 100.0 | 100.0 | 100.0 | 100.0 | 100.0 | 17337.6
       Dungeon |  15.8 |  16.1 |   7.9 |   0.0 |   3.3 | 2284.2
          Lair |  13.8 |  13.3 |  28.6 |   0.0 |   8.0 | 13681.3
         Swamp |   6.9 |   6.0 |  31.7 |   0.0 |   6.4 | 16434.5
     Snake Pit |  12.4 |  12.7 |   4.8 |   0.0 |  10.6 | 27132.0
    Slime Pits |   5.2 |   5.3 |   4.8 |   0.0 |   7.6 | 15481.6
  Orcish Mines |   5.4 |   5.6 |   0.0 |   0.0 |   2.0 | 10433.5
   Elven Halls |   6.7 |   6.9 |   0.0 |   0.0 |  10.4 | 35518.7
        Vaults |  16.0 |  16.5 |   1.6 |   0.0 |  24.4 | 49978.4
         Crypt |   6.0 |   6.2 |   0.0 |   0.0 |   8.8 | 30010.0
          Tomb |   7.0 |   6.4 |  20.6 | 100.0 |  13.2 | 45077.3
         Abyss |   2.6 |   2.7 |   0.0 |   0.0 |   3.7 | 7648.8
      Ice Cave |   1.3 |   1.3 |   0.0 |   0.0 |   0.9 | 9118.0
       Volcano |   1.0 |   1.0 |   0.0 |   0.0 |   0.5 | 4952.0
               +-------+-------+-------+-------+-------+----------------------

Vault maps used:
D:1:      roderic_dead_forest
D:3:      uniq_jessica, uniq_crazy_yiuf_cottage, uniq_sigmund
D:4:      cheibrodos_quashed, fedhas_altar_4, serial_shops,
          kennysheep_mini_moat, first_bread, serial_glass, glass_columns_b,
          glass_columns_b, solitary_fountain, okawaru_gym_becter
D:5:      minmay_temple_entry_statues, serial_shops, nicolae_shop_stone,
          nicolae_alphabet_shops, kennysheep_generic_room_9, uniq_blork_the_orc
D:6:      serial_shops, nicolae_shop_trees, uniq_pikel
D:7:      the_bakery
D:8:      nicolae_elemental_shop, uniq_erica, uniq_grum
D:9:      orc_0_dummy, serial_shops, nicolae_shop_trees
D:10:     serial_bayou, serial_bayou_pond_b, serial_bayou_crossing,
          serial_bayou_lake_a, serial_bayou_ford_a, uniq_sonja
D:11:     grunt_lair_entry_orc_guard_hut
D:12:     minmay_misc_feat_rows, yredelemnul_altar_generic
D:13:     david_vaults_1, roderic_serpentine_path, pf_eden
D:14:     glass_columns_c, serial_shops, shop, uniq_nessos
D:15:     hangedman_depths_entry_civil_slaughter, grunt_gozag_statues
Temple:   minmay_crystal_snake_temple
Lair:1:   serial_bayou_shore_b
Lair:2:   st_stairs_9, wad_woods_03, uniq_fannar
Lair:3:   minmay_swamp_entry_worms, dummy_snake_entry, uniq_urug
Lair:5:   beast_lair_carwin_large_4, nicolae_slime_entry_slimehenge,
          minivault_26, disabler_island
Lair:6:   evil_forest, enter_volcano_4, special_room
Swamp:1:  evilmike_swamp_ruin_house_3
Swamp:2:  nicolae_swamp_treefoil, swamp_pool3, hangedman_swamp_lotus
Swamp:3:  evilmike_swamp_ruin_house_6, swamp_pool4, cheibrodos_swamp_slimy,
          uniq_kirke
Swamp:4:  swamp_old_school, infiniplex_staircase_pool, uniq_jorgrun
Snake:1:  portal_ice_cave_entry_pillars_1, guppyfry_snake_island,
          grunt_megastairs_3
Snake:2:  serial_shops, nicolae_shop_window_shopping, nicolae_shop_stone,
          hangedman_snake_corridor_split, uniq_aizul, uniq_saint_roka
Snake:3:  basic_altar, grunt_ministairs_6, spider_trap, st_stairs_14
Snake:4:  minmay_snake_end_coiled
Slime:3:  nicolae_slime_barrier
Slime:4:  cheibrodos_slime_lost_civilization_5
Orc:1:    cheibrodos_orc_arena, serial_shops, nicolae_shop_crystal,
          library_closet, mines3_lemuel, uniq_nergalle
Orc:2:    st_orc_elflike, nicolae_for_you_no_charge, uniq_maurice, uniq_azrael
Elf:1:    serial_shops, bzr_entry_dummy, hangedman_elven_crosses_minicolossus
Elf:2:    serial_shops, shop
Elf:3:    minmay_elf_hall_hex
Vaults:1: ontoclasm_vaults_ring_small, vaults_mumra_hex, v_alt_pattern_3,
          hangedman_vaults_corner, ontoclasm_vaults_ring_small,
          nicolae_vaults_quadrants, nicolae_vaults_what_the_h, v_alt_pattern_1,
          v_misc_31, vaults_mumra_hexcomb, v_misc_19, ontoclasm_vaults_eye,
          nicolae_vaults_gold_heap, vaults_dpeg_ring, vaults_room_grid,
          serial_shops, shop, enter_trove_5
Vaults:2: nicolae_vaults_inception_network, vaults_room_mumra_shop_pool,
          grunt_vaults_hallway_short, nicolae_vaults_big_ls,
          minmay_crypt_entry_skeletal_spiral, nicolae_vaults_little_squares_5,
          vaults_room_ringed_pool, nicolae_vaults_asterisk, v_misc_4,
          nicolae_vaults_specimen_jars, ontoclasm_vaults_idyll,
          hangedman_vaults_trim, nicolae_vaults_theta, serial_shops,
          nicolae_shop_waterfront
Vaults:3: grunt_vaults_funnel, vaults_dpeg_diagonal, v_rooms_5,
          hangedman_vaults_river_flow, vaults_room_semicircle, v_pattern_4,
          nicolae_vaults_network_periphery, hangedman_vaults_capsules,
          nicolae_vaults_little_squares_3, ontoclasm_vaults_gateway
Vaults:4: nicolae_vaults_rhombus_6, nicolae_vaults_ninety_degrees,
          vaults_standard_mumra_enter_the_diamond, nicolae_vaults_theta,
          hangedman_vaults_slice, serial_shops, nicolae_shop_stone
Vaults:5: serial_shops
Crypt:1:  grunt_crypt_arrival_guarded_gate
Crypt:2:  grunt_megastairs_1, uniq_bai_suzhen, uniq_jory, uniq_mara, uniq_mennas
Crypt:3:  cryptofortress_bobbens
Abyss:2:  evilmike_abyss_exit_2, bh_abyss_exit_choice, evilmike_abyss_exit_6
Abyss:4:  grunt_abyss_rune_forest_and_sorcery, evilmike_abyss_exit_1,
          minivault_24
Bazaar:   bazaar_long_row
IceCv:    ice_cave_tombish
Volcano:  volcano_lake
